Map: Romanticide LE

Players

ENDER - Winner!

  • Race: Zerg Zerg
  • League: Diamond
  • Spawn Location: 5:00

Solas

  • Race: Terran Terran
  • League: Diamond
  • Spawn Location: 11:00

VOD

Have the link to the VOD?

Description

Time

  • Played on: Dec. 5, 2020, 11:29 a.m.
  • Length: 14:36
Show
View Real Time Build Order
Export as new Build Order

ENDER Zerg - Winner!

Build Orders: Hatch First 

Get SALT Encoding   

  12  0:00  Drone  
  13  0:13  Overlord  
  13  0:21  Drone  
  14  0:31  Drone x2  
  14  0:35  Drone  
  17  0:53  Hatchery  
  17  0:56  Drone  
  17  0:58  Drone  
  18  1:11  Extractor  
  18  1:14  Spawning Pool  
  18  1:16  Drone  
  17  1:20  Drone  
  18  1:28  Drone  
  19  1:40  Drone  
  20  1:53  Drone  
  21  2:01  Overlord  
  21  2:05  Queen x2  
  21  2:07  Zergling x2  
  26  2:13  Zergling x2  
  26  2:15  Metabolic Boost  
  27  2:20  Drone  
  28  2:25  Drone  
  29  2:34  Drone x2  
  31  2:50  Hatchery  
  30  2:53  Drone x3  
  30  2:56  Overlord  
  33  3:01  Queen  
  33  3:04  Drone  
  36  3:16  Drone  
  36  3:17  Drone x2  
  39  3:21  Overlord  
  39  3:30  Drone x4  
  39  3:32  Overlord  
  43  3:36  Extractor  
  42  3:42  Roach Warren  
  42  3:43  Evolution Chamber  
  42  3:45  Evolution Chamber  
  39  3:58  Drone  
  39  3:59  Drone x8  
  48  4:03  Lair  
  48  4:14  Extractor  
  47  4:21  Queen  
  49  4:28  Drone x8  
  57  4:35  Roach  
  57  4:36  Roach x2  
  57  4:37  Overlord  
  57  4:38  Overlord  
  63  4:39  Zergling x2  
  63  4:40  Zergling x2  
  63  4:45  Extractor  
  64  5:06  Roach  
  66  5:07  Roach x3, Zergling x6  
  66  5:08  Drone  
  66  5:09  Drone x3  
  79  5:17  Overlord  
  79  5:24  Hatchery  
  78  5:31  Spore Crawler  
  78  5:34  Spore Crawler  
  76  5:35  Spore Crawler  
  76  5:41  Hydralisk Den  
  74  5:43  Baneling Nest  
  70  5:58  Drone  
  70  5:59  Drone x13  
  82  6:09  Overlord x4  
  80  6:30  Extractor  
  79  6:42  Overlord x2  
  79  6:44  Hydralisk x2  
  79  6:45  Roach x4, Hydralisk x2  
  95  6:49  Grooved Spines  
  95  6:52  Extractor  
  94  6:55  Hatchery  
  94  6:56  Zerg Missile Weapons Level 1, Infestation Pit  
  92  7:07  Zerg Ground Armor Level 1  
  92  7:10  Centrifical Hooks  
  92  7:13  Roach, Hydralisk x2  
  98  7:19  Drone  
  98  7:20  Drone x7  
  98  7:21  Drone  
  107  7:26  Overlord x2  
  107  7:39  Spore Crawler  
  106  7:47  Queen  
  106  7:49  Queen  
  110  7:55  Drone x3  
  110  7:56  Drone x10  
  123  8:15  Pneumatized Carapace  
  123  8:17  Hive  
  123  8:19  Roach, Hydralisk x3  
  135  8:20  Roach x3  
  135  8:21  Roach  
  139  8:32  Hatchery  
  138  8:35  Unknown  
  137  8:48  Ravager x3  
  139  8:49  Ravager x2, Hydralisk x2  
  139  8:50  Roach x2  
  143  9:04  Hydralisk x3  
  143  9:05  Roach x2  
  143  9:08  Overlord x3  
  149  9:20  Overlord  
  149  9:21  Overlord x9  
  149  9:30  Extractor  
  134  9:32  Extractor  
  134  9:36  Hydralisk x4  
  134  9:37  Roach x3  
  138  9:47  Drone  
  138  9:48  Drone x2  
  138  9:49  Drone x3  
  138  9:50  Drone  
  138  9:52  Drone x3  
  148  9:53  Drone x2  
  150  10:08  Viper x4  
  150  10:09  Hatchery  
  158  10:46  Hydralisk x4  
  158  10:47  Roach x6, Hydralisk x6  
  158  10:48  Roach x6, Hydralisk  
  158  10:49  Roach  
  151  10:53  Zergling x6  
  149  11:00  Zerg Melee Weapons Level 1  
  149  11:04  Zergling x4  
  149  11:05  Zergling x10  
  156  11:15  Baneling x6  
  154  11:21  Zergling x2  
  154  11:22  Zergling x22  
  164  11:29  Baneling x2  
  164  11:30  Baneling x6  
  164  11:31  Baneling x3  
  164  11:37  Roach, Hydralisk x4  
  164  11:38  Roach x3  
  161  12:00  Hydralisk x2  
  161  12:01  Roach x4, Hydralisk x5  
  166  12:02  Roach x3  
  166  12:08  Zergling x6  
  189  12:32  Extractor  
  189  12:33  Hatchery  
  189  12:36  Zergling x2  
  189  12:37  Extractor, Zergling x28  
  195  12:49  Hydralisk x3  
  195  12:50  Roach x5, Hatchery, Hydralisk x2  
  195  12:51  Roach  
  199  12:58  Baneling x9  
  189  12:59  Baneling x8  
  139  13:31  Hydralisk x3  
  139  13:32  Roach x5, Hydralisk x2  
  139  13:33  Roach x2  
  155  13:34  Zergling x2  
  154  13:42  Zergling x2  
  154  13:43  Zergling x6  
Show
View Real Time Build Order
Export as new Build Order

Solas Terran 

Build Orders: Reaper Expand 

Get SALT Encoding   

  12  0:00  SCV  
  13  0:13  SCV  
  14  0:17  Supply Depot  
  14  0:25  SCV  
  15  0:38  SCV  
  15  0:40  Barracks  
  16  0:45  Refinery  
  16  0:51  SCV  
  17  1:03  SCV  
  18  1:16  SCV  
  19  1:28  Reaper  
  19  1:29  Orbital Command  
  20  1:45  Command Center  
  19  1:55  SCV  
  19  2:00  Marine  
  21  2:05  Supply Depot  
  21  2:11  SCV  
  21  2:14  Factory  
  22  2:16  Refinery  
  22  2:22  Barracks Reactor  
  22  2:23  SCV  
  23  2:35  SCV  
  24  2:47  SCV  
  24  2:59  SCV  
  24  3:00  Command Center  
  26  3:07  Barracks Reactor  
  26  3:08  Orbital Command  
  25  3:14  Hellion  
  25  3:17  SCV  
  28  3:23  Hellion  
  30  3:29  SCV  
  30  3:33  Starport  
  31  3:35  SCV  
  31  3:39  Hellion  
  34  3:42  SCV  
  35  3:50  Hellion  
  35  3:52  Supply Depot, SCV  
  35  3:55  SCV  
  39  3:57  Marine  
  40  4:04  Hellion, SCV  
  40  4:07  SCV  
  40  4:09  Marine  
  45  4:12  Liberator  
  49  4:17  SCV  
  49  4:20  Orbital Command  
  51  4:24  Hellion  
  51  4:26  SCV  
  51  4:31  Supply Depot  
  52  4:33  Hellion  
  52  4:34  Marine  
  52  4:37  SCV  
  56  4:40  Refinery  
  56  4:43  SCV  
  57  4:58  Barracks  
  57  4:59  Barracks  
  57  5:01  Supply Depot  
  57  5:04  Starport Tech Lab  
  57  5:05  Marine x2  
  59  5:14  SCV  
  59  5:15  SCV x2  
  59  5:17  Engineering Bay  
  59  5:21  Refinery  
  62  5:24  Supply Depot  
  62  5:26  SCV  
  62  5:27  SCV  
  64  5:28  SCV  
  64  5:31  Marine x2  
  67  5:42  SCV  
  68  5:43  SCV x2  
  68  5:47  Supply Depot  
  70  5:56  SCV x2  
  72  6:00  Starport Reactor  
  72  6:02  Factory Tech Lab  
  67  6:14  Marine x5  
  67  6:15  Stimpack  
  67  6:17  SCV x2  
  67  6:18  Terran Infantry Weapons Level 1  
  74  6:21  SCV  
  74  6:23  Engineering Bay  
  75  6:28  Siege Tank  
  75  6:29  SCV  
  75  6:32  Marine x5  
  84  6:41  Medivac  
  84  6:42  Medivac  
  84  6:43  SCV x2  
  90  6:48  Supply Depot  
  90  6:56  Marine x3  
  90  6:57  Marine x2, Barracks  
  90  7:00  Siege Tank  
  98  7:04  Orbital Command  
  98  7:16  Terran Infantry Armor Level 1, Barracks  
  98  7:18  Barracks  
  98  7:19  Armory, SCV x2  
  98  7:20  Marine  
  101  7:31  SCV  
  101  7:33  Marine, Siege Tank  
  101  7:34  Marine x3  
  109  7:40  Supply Depot  
  109  7:42  Medivac, Marine  
  112  7:45  SCV x2  
  114  7:54  Barracks Reactor  
  114  7:56  Marine x3, Refinery  
  117  7:59  Combat Shield  
  117  8:00  Refinery  
  117  8:02  SCV x3, Marauder  
  122  8:10  Marine, Siege Tank  
  122  8:12  Supply Depot x2  
  128  8:13  Barracks Reactor  
  128  8:15  Barracks Tech Lab  
  128  8:16  Marine x3  
  129  8:23  Marine  
  130  8:28  Marine  
  130  8:30  Marine  
  130  8:31  Marine  
  130  8:33  SCV x3  
  136  8:34  Marine x2  
  140  8:41  Marauder  
  140  8:42  Supply Depot  
  140  8:44  Supply Depot  
  140  8:45  SCV x3  
  137  8:57  SCV x2  
  137  9:00  Marine x6  
  137  9:01  Marine x2, Marauder  
  133  9:03  Marauder  
  131  9:16  Siege Tank  
  131  9:17  Medivac x2, Marine  
  131  9:18  Marine x5  
  131  9:22  Marauder  
  145  9:24  Marauder  
  137  9:38  Marine x6  
  127  9:39  Marine x2  
  127  9:40  SCV x2  
  127  9:41  SCV  
  127  9:44  Marauder  
  140  9:45  Marauder  
  140  9:48  Siege Tank  
  144  9:52  SCV  
  144  9:53  SCV  
  144  9:55  Marine, Terran Infantry Weapons Level 2  
  144  9:56  Marine x4  
  144  9:59  Terran Infantry Armor Level 2  
  150  10:01  Barracks x2  
  150  10:05  Marauder  
  154  10:07  Marauder  
  154  10:13  Medivac  
  154  10:14  Marine x2, Command Center  
  156  10:15  Marine x2  
  156  10:17  Marine  
  156  10:18  Marine  
  156  10:19  Marine  
  163  10:26  Marauder  
  165  10:29  Supply Depot  
  165  10:30  Siege Tank, Marauder  
  165  10:33  Supply Depot  
  170  10:40  Marine x7  
  170  10:41  Marine  
  178  10:48  Marauder  
  162  10:51  Marauder  
  162  10:56  Medivac  
  166  10:57  Medivac, Marine  
  166  10:58  Marine x7  
  166  11:02  Siege Tank  
  179  11:09  Marauder  
  181  11:13  Marauder  
  181  11:15  Marine x2  
  181  11:16  Marine x2  
  187  11:23  Marine x3  
  187  11:24  Marine  
  191  11:27  Barracks Reactor x2  
  191  11:31  Marauder  
  193  11:33  Marine x3  
  193  11:34  Marauder  
  193  11:35  Barracks  
  187  11:52  Marauder  
  187  11:53  Marine x6  
  187  11:54  Marine x2  
  158  11:55  Marauder  
  158  12:01  Siege Tank  
  136  12:05  Terran Vehicle Weapons Level 1  
  136  12:06  Marine x2  
  134  12:09  Marine x2  
  134  12:11  Marine x7  
  134  12:12  Marine  
  134  12:13  SCV x2, Marauder  
  146  12:17  Marauder  
  148  12:23  Marine  
  148  12:28  Marine x2  
  151  12:30  Marine x3  
  151  12:31  Marine  
  151  12:34  Marine x2  
  151  12:35  Siege Tank, Marauder  
  162  12:38  Marauder  
  126  13:06  Marine  
  126  13:11  Marine  
  126  13:12  Marine x3, SCV  
  126  13:13  Marine x2  
  126  13:14  Marine  
  126  13:15  Marine  
  126  13:16  Marine  
  126  13:17  Marine x2, Marauder  
  126  13:19  Marauder  
  124  13:24  Marine  
  90  13:29  Marine x2  
  90  13:30  Marine  
  90  13:33  Marine  
  90  13:34  Marine x3  
  80  13:35  Marine x2  
  80  13:37  Marine  
  80  13:38  Marauder  
  80  13:40  Marauder  
  83  13:44  Marine x2  
  73  13:49  Marine  
  48  14:15  Marine  
  47  14:17  Marine x2  
Tags
 
Add a new tag
Caveats
  • Supply blocks, unpowered buildings, or Contaminate may cause inaccurate times.
  • Supply counts are checked every 10 seconds.